 Dungeon Crawl Stone Soup version 0.21-a0-442-g848f44b (webtiles) character file.

9871 theanonym the Brawler (level 11, -2/106 (107) HPs)
             Began as a Troll Monk on Nov 15, 2017.
             Slain by a nine-headed hydra (16 damage)
             ... on level 11 of the Dungeon.
             The game lasted 00:18:06 (7423 turns).

theanonym the Brawler (Troll Monk)                  Turns: 7423, Time: 00:18:07

HP:   -2/106 (107)  AC:  5    Str: 24    XL:     11   Next: 28%
MP:   10/10         EV: 12    Int:  6    God:
Gold: 134           SH:  0    Dex: 12    Spells: 10/10 levels left

rFire    + . .     SeeInvis .     - Unarmed
rCold    + . .     Gourm    +   (no shield)
rNeg     . . .     Faith    .   Q - +0 robe {rC+ rF+}
rPois    .         Spirit   .   (helmet restricted)
rElec    .         Reflect  .   (no cloak)
rCorr    .         Harm     .   (gloves unavailable)
MR       .....                  (boots unavailable)
Stlth    ++........             (no amulet)
HPRegen  0.67/turn              e - +1 ring of evasion
MPRegen  0.12/turn              (no ring)

@: no status effects
A: unfitting armour, claws 3, fast metabolism 3, gourmand, regeneration 1,
shaggy fur 1, tough skin 2
a: no special abilities


Innate Abilities, Weirdness & Mutations

You are too large for most types of armour.
You have claws for hands.
Your metabolism is lightning-fast.
You like to eat raw meat.
Your natural rate of healing is unusually fast.
You are covered in fur. (AC +1)
You have very tough skin. (AC +2)


   Skills:
 + Level 6.5 Fighting
 + Level 4.5 Dodging
 - Level 1.0 Stealth
 * Level 15.0 Unarmed Combat


You had 10 spell levels left.
You didn't know any spells.

Skill      XL: |  1  2  3  4  5  6  7  8  9 10 11 |
---------------+----------------------------------+-----
Unarmed Combat | 4 5 7 8 9 11 13 14 15 | 15.0
Fighting       | 4 6 |  6.5
Dodging        | 3 4 |  4.5
Stealth        | |  1.0

Action                   |  1- 3 |  4- 6 |  7- 9 | 10-12 || total
-------------------------+-------+-------+-------+-------++-------
Melee: Unarmed           |    87 |   109 |   287 |   226 ||   709
       Punch             |     1 |     4 |    12 |    17 ||    34
Throw: Javelin           |       |    11 |     7 |    31 ||    49
       Stone             |       |       |       |     7 ||     7
Evoke: Wand              |       |       |     2 |     5 ||     7
  Use: Scroll            |       |     5 |     2 |    11 ||    18
       Potion            |       |       |     1 |     3 ||     4
 Stab: Sleeping          |     1 |       |     1 |       ||     2
       Distracted        |       |       |       |     2 ||     2
  Eat: Chunk             |    12 |    11 |    23 |    25 ||    71
Armor: Robe              |    30 |    37 |    70 |    50 ||   187
Dodge: Dodged            |    49 |    50 |    87 |   125 ||   311

Inventory:

Hand Weapons
 b - a +0 blowgun
   (You took it off an orc on level 5 of the Dungeon)
Missiles
 l - 223 stones
 o - 22 tomahawks
 q - 6 large rocks
 x - a javelin (quivered)
 y - 3 throwing nets
 G - a tomahawk of dispersal
Armour
 s - a +0 large shield
   (You found it on level 3 of the Dungeon)
 Q - a +0 robe of resistance (worn)
   (You found it on level 7 of the Dungeon)
Jewellery
 e - a +1 ring of evasion (left claw)
   (You found it on level 1 of the Dungeon)
 n - an uncursed amulet of harm
   (You found it on level 4 of the Dungeon)
Wands
 a - a wand of polymorph (13/24)
   (You found it on level 7 of the Dungeon)
 c - a wand of clouds (0/9)
   (You found it on level 12 of the Dungeon)
 v - a wand of acid (11/15)
   (You found it on level 5 of the Dungeon)
 F - a wand of flame (32/48)
   (You found it on level 6 of the Dungeon)
 H - a wand of confusion (24/48)
   (You found it on level 6 of the Dungeon)
 N - a wand of random effects (20/48)
   (You found it on level 8 of the Dungeon)
Scrolls
 f - 3 scrolls of fog {!r}
 k - a scroll of enchant armour {unknown}
 r - 3 scrolls of identify
 t - 2 scrolls of teleportation {!r}
 z - a scroll of acquirement {unknown}
 B - a scroll of blinking
 M - 3 scrolls of remove curse
Potions
 d - 4 potions of ambrosia
 j - a potion of brilliance
 m - 2 potions of magic {unknown}
 p - 2 potions of flight {unknown}
 w - a potion of mutation {unknown}
 A - a potion of resistance
 C - a potion of lignification {unknown}
 E - 3 potions of agility {unknown}
 J - 4 potions of curing
 K - a potion of cancellation {unknown}
 L - a potion of might
 O - 3 potions of haste
Books
 I - a book of Changes
   (You found it on level 6 of the Dungeon)

   Spells                             Type                      Level
   a - Beastly Appendage              Transmutation                1
   b - Sticks to Snakes               Transmutation                2
   c - Spider Form                    Transmutation/Poison         3
   d - Ice Form                       Ice/Transmutation            4
   e - Blade Hands                    Transmutation                5
Miscellaneous
 u - a phantom mirror
Comestibles
 g - 8 royal jellies
 h - 4 fruits
 i - 3 meat rations
 D - 9 bread rations

Dungeon Overview and Level Annotations

Branches:
Dungeon (12/15)            Temple (1/1) D:7
   Lair: D:8-11         Orc: D:9-12

Altars:
Ashenzari
Cheibriados
Dithmenos
Elyvilon
Fedhas
Gozag
Hepliaklqana
Kikubaaqudgha
Makhleb
Nemelex Xobeh
Okawaru
Qazlal
Ru
Sif Muna
Trog
Uskayaw
Vehumet
Wu Jian
Xom
Yredelemnul
Zin
The Shining One

Shops:
D:5 *   D:6 *   D:8 *=


You were on level 11 of the Dungeon.
You were full.

You visited 2 branches of the dungeon, and saw 13 of its levels.
You also visited: Ossuary.

You collected 536 gold pieces.
You spent 402 gold pieces at shops.


Message History

Put on which piece of jewellery? (? for menu, Esc to quit)
Okay, then.
Unknown command.
There is a stone staircase leading down here.
Found a ring mail.
A black bear comes into view.
A black bear is nearby!
A black bear is nearby!
The black bear growls angrily.
Found 18 bolts.
Found a stone staircase leading up.
You mangle the black bear!! Your claw misses the black bear.
The black bear bites you.
The black bear claws you but does no damage.
The black bear claws you.
You take 4 damage, and have 102/106 hp.
You claw the black bear!
You kill the black bear!
No target in view!
No target in view!
No target in view!
A cyclops comes into view.
You regained 2 hp, and now have 104/106 hp.
A cyclops is nearby!
A cyclops is nearby!
A cyclops is nearby!
You catch the helpless cyclops completely off-guard!
You mangle the cyclops!! The cyclops hits you!!
You take 29 damage, and have 76/106 hp.
MASSIVE DAMAGE!!
You mangle the cyclops!!
You kill the cyclops!
Your life force feels restored.
No target in view!
No target in view!
No target in view!
Found a battleaxe.
q - 6 large rocks
u - a phantom mirror You regained 6 hp, and now have 84/106 hp.
You start resting.
A jelly comes into view.
You regained 8 hp, and now have 92/106 hp.
A jelly is nearby!
A jelly is nearby!
A jelly is nearby!
The jelly quivers.
You mangle the jelly!!
Your claws burn!
You take 1 damage, and have 93/106 hp.
You mangle the jelly!!
You kill the jelly!
You can't go up here!
Unknown command.
There is a stone staircase leading up here.
You regained 7 hp, and now have 101/106 hp.
You climb upwards.
Found 18 bolts and a scroll of fog.
There is a stone staircase leading down here.
An eight-headed hydra comes into view.
The eight-headed hydra roars!
The eight-headed hydra moves out of view.
The eight-headed hydra is too close now for your liking.
An eight-headed hydra is nearby!
Aim: an eight-headed hydra (chance to defeat MR: 15%)
The eight-headed hydra resists with almost no effort.
This wand has 26 charges left.
Aim: an eight-headed hydra (chance to defeat MR: 15%)
The eight-headed hydra resists with almost no effort.
This wand has 25 charges left.
Aim: an eight-headed hydra (chance to defeat MR: 15%)
The eight-headed hydra resists with almost no effort.
This wand has 24 charges left.
Health restored: 106 You barely miss the eight-headed hydra.
You claw the eight-headed hydra!!
You rip one of the eight-headed hydra's heads off!
The seven-headed hydra grows two more!
You mangle the nine-headed hydra!! The nine-headed hydra misses you.
The nine-headed hydra bites you!
The nine-headed hydra barely misses you.
The nine-headed hydra bites you!
The nine-headed hydra barely misses you.
The nine-headed hydra bites you!
The nine-headed hydra closely misses you.
The nine-headed hydra bites you. The nine-headed hydra bites you!
* * * LOW HITPOINT WARNING * * *
You take 57 damage, and have 49/106 hp.
MASSIVE DAMAGE!!
Okay, then.
Okay, then.
Aim: a nine-headed hydra (heavily wounded)
You create a blast of poison gas!
Evoking this partially-identified wand wasted a few charges.
The nine-headed hydra bites you!
* * * LOW HITPOINT WARNING * * *
The nine-headed hydra bites you!
* * * LOW HITPOINT WARNING * * *
The nine-headed hydra bites you!
* * * LOW HITPOINT WARNING * * *
The nine-headed hydra bites you.
* * * LOW HITPOINT WARNING * * *
The nine-headed hydra bites you.
* * * LOW HITPOINT WARNING * * *
The nine-headed hydra bites you!
You die...

###.. ...
.....######..
#..........
#...§§§§§.
#....§§§.#
#....§§§.#
#.....D..#
#...?.@..#
#........###+###
#.....(.>.......
#...............
.................
......###########
...... ......
....


You could see a nine-headed hydra.

Notes
Turn   | Place    | Note
-------+----------+-------------------------------------------
     0 | D:1      | theanonym the Troll Monk began the quest for the Orb.
     0 | D:1      | Reached XP level 1. HP: 22/22 MP: 0/0
    84 | D:1      | Reached XP level 2. HP: 29/29 MP: 1/1
   195 | D:1      | Reached skill level 4 in Unarmed Combat
   301 | D:1      | Reached XP level 3. HP: 36/36 MP: 2/2
   626 | D:2      | Found a sparkling altar of Nemelex Xobeh.
   632 | D:2      | Noticed Terence
   640 | D:2      | Killed Terence
   701 | D:2      | Reached XP level 4. HP: 44/44 MP: 3/3
   714 | D:2      | Reached skill level 5 in Unarmed Combat
  1094 | D:3      | Noticed Tux's ghost (amateur VSTm)
  1236 | D:3      | Noticed Purgy
  1244 | D:3      | HP: 21/44 [orc priest/nerve-wracking pain (11)]
  1245 | D:3      | Reached XP level 5. HP: 24/50 MP: 4/4
  1295 | D:3      | Killed Tux's ghost
  1295 | D:3      | Reached skill level 6 in Unarmed Combat
  1392 | D:3      | Killed Purgy
  1392 | D:3      | Reached skill level 7 in Unarmed Combat
  1392 | D:3      | Reached XP level 6. HP: 58/59 MP: 5/5
  1489 | D:3      | Found a burning altar of Makhleb.
  1489 | D:3      | Noticed a balrug
  1918 | D:4      | Reached skill level 8 in Unarmed Combat
  1918 | D:4      | Reached XP level 7. HP: 57/66 MP: 6/6
  1960 | D:4      | Found an iron altar of Okawaru.
  1960 | D:4      | Found an ornate altar of the Wu Jian Council.
  1961 | D:4      | Found a radiant altar of Vehumet.
  1975 | D:4      | Noticed Tux's ghost (amateur VSTm)
  1984 | D:4      | Killed Tux's ghost
  2051 | D:4      | Found a sand-covered staircase.
  2064 | Ossuary  | Entered an ossuary
  2123 | Ossuary  | Reached skill level 9 in Unarmed Combat
  2216 | Ossuary  | Reached XP level 8. HP: 74/74 MP: 7/7
  2273 | D:4      | Found an ancient bone altar of Kikubaaqudgha.
  2326 | D:4      | Reached skill level 10 in Unarmed Combat
  2475 | D:4      | Found a blossoming altar of Fedhas.
  2507 | D:4      | Found a sacrificial altar of Ru.
  2796 | D:5      | Entered Level 5 of the Dungeon
  2864 | D:5      | Reached skill level 11 in Unarmed Combat
  2995 | D:5      | Found Siagidol's General Store.
  3002 | D:5      | Bought a potion of haste for 140 gold pieces
  3002 | D:5      | Bought a scroll of identify for 28 gold pieces
  3013 | D:5      | HP: 36/74 [water moccasin skeleton (5)]
  3018 | D:5      | HP: 20/74 [poisoned by a worker ant]
  3021 | D:5      | HP: 9/74 [water moccasin skeleton (6)]
  3029 | D:5      | HP: 10/74 [poisoned by a worker ant]
  3037 | D:5      | HP: 13/74 [poisoned by a worker ant]
  3246 | D:5      | Found a hazy altar of Hepliaklqana.
  3488 | D:5      | Reached XP level 9. HP: 75/80 MP: 8/8
  3517 | D:5      | Found a glowing silver altar of Zin.
  3577 | D:6      | Reached skill level 12 in Unarmed Combat
  3682 | D:6      | Reached skill level 3 in Fighting
  4106 | D:6      | Noticed Sigmund
  4121 | D:6      | Killed Sigmund
  4121 | D:6      | Reached skill level 4 in Fighting
  4194 | D:6      | Found Ereu's General Store.
  4197 | D:6      | Bought a potion of might for 52 gold pieces
  4216 | D:6      | Noticed a two-headed ogre
  4231 | D:6      | Killed a two-headed ogre
  4231 | D:6      | Reached skill level 13 in Unarmed Combat
  4604 | D:7      | Reached XP level 10. HP: 94/94 MP: 9/9
  4754 | D:7      | Found a white marble altar of Elyvilon.
  4870 | D:7      | Found a staircase to the Ecumenical Temple.
  5018 | Temple   | Entered the Ecumenical Temple
  5222 | D:8      | Noticed a two-headed ogre
  5231 | D:7      | Reached skill level 5 in Fighting
  5425 | D:8      | HP: 33/96 [two-headed ogre/giant club (18)]
  5426 | D:8      | Killed a two-headed ogre
  5426 | D:8      | Reached skill level 14 in Unarmed Combat
  5522 | D:8      | Reached skill level 3 in Dodging
  5741 | D:8      | Found Uheawikhluku's General Store.
  5749 | D:8      | Bought a potion of curing for 42 gold pieces
  5749 | D:8      | Bought a potion of resistance for 140 gold pieces
  5786 | D:8      | Found Joups's Jewellery Emporium.
  5804 | D:8      | HP: 45/97 [orc priest/divine providence (16)]
  5808 | D:8      | HP: 16/97 [orc priest/nerve-wracking pain (8)]
  6024 | D:8      | HP: 47/98 [hog (4)]
  6029 | D:8      | HP: 27/98 [hog (7)]
  6364 | D:9      | Noticed a two-headed ogre
  6367 | D:9      | Reached skill level 6 in Fighting
  6617 | D:9      | Noticed a two-headed ogre
  6635 | D:9      | HP: 45/98 [two-headed ogre/giant spiked club (19)]
  6638 | D:9      | HP: 2/98 [two-headed ogre/giant spiked club (22)]
  6643 | D:9      | HP: 21/98 [hound (1)]
  6778 | D:9      | Reached XP level 11. HP: 101/105 MP: 10/10
  6785 | D:9      | Reached skill level 4 in Dodging
  6837 | D:10     | Entered Level 10 of the Dungeon
  6907 | D:10     | You fall through a shaft for 2 floors!
  6940 | D:12     | Noticed a two-headed ogre
  6951 | D:12     | Killed a two-headed ogre
  7040 | D:12     | HP: 52/106 [something (12)]
  7042 | D:12     | HP: 23/106 [something (9)]
  7264 | D:12     | Reached skill level 15 in Unarmed Combat
  7416 | D:11     | Noticed an eight-headed hydra
  7422 | D:11     | HP: 49/106 [nine-headed hydra (16)]
  7423 | D:11     | HP: 21/106 [nine-headed hydra (8)]
  7423 | D:11     | Slain by a nine-headed hydra

Vanquished Creatures
  3 two-headed ogres
  A cyclops (D:12)
  3 hippogriffs
  The ghost of Tux the Ruffian, an amateur VSTm (D:4)
  Sigmund (D:6)
  7 yaks
  4 hogs (D:8)
  A human (D:8)
  The ghost of Tux the Ruffian, an amateur VSTm (D:3)
  Purgy (D:3)
  An ice beast (D:7)
  A black bear (D:12)
  A phantom (D:6)
  2 orc warriors
  2 sky beasts
  A hornet zombie (D:9)
  2 necrophages
  6 ogres
  4 centaurs
  5 bullfrogs
  A water moccasin skeleton (D:5)
  4 scorpions
  3 wights (D:12)
  3 crimson imps
  A bullfrog zombie (D:5)
  8 centaur zombies (Ossuary)
  5 jellies
  9 orc priests
  2 quasits
  4 bullfrog skeletons
  8 hounds
  14 orc wizards
  3 centaur skeletons
  Terence (D:2)
  6 iguanas
  2 worker ants
  A hound skeleton (D:6)
  4 mummies (Ossuary)
  11 adders
  6 gnolls
  3 shadow imps
  An ooze (D:1)
  3 adder skeletons
  An adder zombie (D:5)
  3 worms
  4 leopard geckos
  32 orcs
  7 bats
  6 giant cockroaches
  7 goblins
  9 hobgoblins
  11 jackals
  5 kobolds
  4 quokkas
  2 frilled lizards
  2 hobgoblin zombies (Ossuary)
  A leopard gecko skeleton (D:4)
  A quokka skeleton (D:5)
  A quokka zombie (D:6)
  3 rats (D:1)
250 creatures vanquished.
